 Dungeon Sprint DCSS version 0.16-a0-3939-g9a3e665 (webtiles) character file.

117859 MDvedh the Executioner (level 16, -19/270 HPs)
             Began as a Minotaur Berserker on Feb 6, 2015.
             Was the Champion of Trog.
             Killed from afar by Antaeus (21 damage)
             ... with a flash freeze
             ... in the Dungeon (Sprint V: "Ziggurat Sprint").
             The game lasted 00:26:11 (3581 turns).

MDvedh the Executioner (Minotaur Berserker)         Turns: 3581, Time: 00:26:12

Health: -19/270    AC: 43    Str: 34    XL:     16   Next: 24%
Magic:  20/22      EV: 35    Int:  4    God:    Trog [******]
Gold:   0          SH:  0    Dex: 16    Spells: 0 memorised, 15 levels left

rFire  + . .     SeeInvis .     L - +5 executioner's axe (chop)
rCold  + . .     Clarity  .     j - +5 gold dragon armour
rNeg   + . .     SustAb   .     (no shield)
rPois  +         Gourm    .     (helmet restricted)
rElec  +         Spirit   .     N - +2 cloak {rPois} (curse)
rCorr  .         Warding  +     R - +2 pair of fencer's gloves {EV+3 Dex+6 Slay+2}
rMut   .         NoTele   +     (no boots)
MR     +++++                    I - brooch of Shielding {Ward rN+ AC+4 EV+4}
Stlth  ..........               l - ring of Hoovojot {rElec EV+6}
                                k - ring "Mienasm" {rElec rPois+ MR+++ MP-9}

@: berserking (expiring), regenerating, very quick, almost entirely resistant to
hostile enchantments, extremely unstealthy
A: retaliatory headbutt, horns 2, poison resistance
a: Burn Spellbooks, Berserk, Trog's Hand, Brothers in Arms, Renounce Religion


You were in the Dungeon.
You worshipped Trog.
Trog was exalted by your worship.
You were not hungry.

You visited 1 branch

Inventory:

Hand weapons
 H - a +4 executioner's axe of flaming
 L - a +5 executioner's axe of chopping (weapon)
Armour
 j - a +5 gold dragon armour (worn)
 N - a cursed +2 cloak of poison resistance (worn)
 R - the +2 pair of fencer's gloves (worn) {EV+3 Dex+6 Slay+2}
   (You found it in the Dungeon)

   It affects your evasion (+3).
   It affects your dexterity (+6).
   It affects your accuracy and damage with ranged weapons and melee attacks
   (+2).
Jewellery
 k - the ring "Mienasm" (left hand) {rElec rPois+ MR+++ MP-9}
   (You found it in the Dungeon)

   [ring of poison resistance]

   It insulates you from electricity.
   It protects you from poison.
   It affects your resistance to hostile enchantments.
   It affects your magic capacity (-9).
 l - the ring of Hoovojot (right hand) {rElec EV+6}
   (You found it in the Dungeon)

   [ring of evasion]

   It affects your evasion (+6).
   It insulates you from electricity.
 I - the brooch of Shielding (around neck) {Ward rN+ AC+4 EV+4}
   (You found it in the Dungeon)

   [amulet of warding]

   It may prevent the melee attacks of summoned creatures.
   It affects your AC (+4).
   It affects your evasion (+4).
   It protects you from negative energy.
 K - an uncursed ring of protection from cold
 M - an uncursed ring of protection from fire
 Q - an uncursed ring of positive energy
Magical devices
 o - a wand of disintegration (7)
 y - a wand of fire (5)
 A - a wand of cold (5)
 B - a wand of draining (5)
Scrolls
 i - 3 scrolls of blinking
 r - 4 scrolls of recharging
 s - 7 scrolls of fog
 t - a scroll of holy word
 u - 3 scrolls of identify
 v - 5 scrolls of remove curse
 w - 2 scrolls of fear
Potions
 a - 2 potions of brilliance
 b - 2 potions of invisibility
 d - 4 potions of curing
 e - 10 potions of heal wounds
 f - 7 potions of haste
 g - 7 potions of magic
 h - 3 potions of berserk rage
 m - a potion of restore abilities
 n - 4 potions of resistance
 p - 7 potions of agility
 q - 6 potions of might
 J - a potion of ambrosia
Books
 E - a book of Power

   Spells                             Type                      Level
   a - Fulminant Prism                Conjuration/Hexes            4
   b - Iskenderun's Mystic Blast      Conjuration                  4
   c - Venom Bolt                     Conjuration/Poison           5
   d - Bolt of Magma                  Conjuration/Fire/Earth       5
   e - Iron Shot                      Conjuration/Earth            6
   f - Orb of Destruction             Conjuration                  7
   g - Spellforged Servitor           Conjuration/Summoning        7
   Trog disapproves of the use of such an item.
 G - a Necronomicon This book is beyond your current level of understanding.

   Spells                             Type                      Level
   a - Haunt                          Necromancy/Summoning         7
   b - Borgnjor's Revivification      Necromancy                   8
   c - Death's Door                   Charms/Necromancy            8
   d - Necromutation                  Transmutation/Necromancy     8
   Trog disapproves of the use of such an item.
Miscellaneous
 O - a lamp of fire
Comestibles
 c - a bread ration
 x - 39 fruits
 z - 4 meat rations
 F - 6 royal jellies


   Skills:
 + Level 25.7 Fighting
 + Level 26.5 Axes
 + Level 25.3 Armour
 + Level 24.8 Dodging
 + Level 16.8 Evocations


You had 15 spell levels left.
You didn't know any spells.

Dungeon Overview and Level Annotations

Branches:
Dungeon (1/1)

Altars:
Ashenzari
Cheibriados
Dithmenos
Elyvilon
Fedhas
Gozag
Kikubaaqudgha
Makhleb
Nemelex Xobeh
Okawaru
Qazlal
Ru
Sif Muna
Trog
Vehumet
Xom
Yredelemnul
Zin
The Shining One
Beogh
Jiyva
Lugonu

Annotations:
D Antaeus, Boris, Edmund, Gastronok, Grinder, Harold, Ilsuiw, Khufu, Kirke, Louise, Nessos


Innate Abilities, Weirdness & Mutations

You reflexively headbutt those who attack you in melee.
You have a pair of horns on your head.
Your system is resistant to poisons.


Message History

You kill Joseph!
Trog accepts your kill.
Nessos shoots a poisoned arrow.
The poisoned arrow hits you but does no damage.
Kirke gestures wildly while chanting.
Kirke flickers and vanishes!
Unknown command.
Unknown command.
Unknown command.
You slice Khufu!!
Khufu is severely damaged.
You barely miss Antaeus.
Antaeus is heavily wounded.
Harold gestures at you while chanting. The bolt of fire hits you! You resist.
* * * LOW HITPOINT WARNING * * *
Nessos blinks!
Antaeus gestures at you. The flash freeze hits you! You partially resist.
You die...

)|) ▓.≈| ..|.)||))
▓≈≈| ▓...)...... ▓..≈
▓........... ▓≈≈.
▓........m... ▓≈.≈
▓.....{.@.@.. ▓.≈≈
▓.........w5. ▓≈[[
▓...)C)....... ▓.≈)
▓.(.M@)@...... ▓≈.)
▓....))(....... ▓(((
▓...)..((....... ▓≈(≈
▓......§......... ▓≈..
▓................ ▓.≈.
▓........§c...... ▓≈≈(
▓.................▓▓▓▓
▓.................
▓▓▓▓▓▓▓▓▓▓▓▓▓▓▓▓▓▓


You could see Antaeus, Khufu, Ilsuiw, Gastronok, Louise, Harold, Nessos, Edmund
and Grinder.

Vanquished Creatures
  Gloorx Vloq (D)
  An ancient lich (D)
  the iron giant (D)
  the Lernaean hydra (D)
  Margery (D)
  Mara (D)
  Jory (D)
  A bone dragon (D)
  Nikola (D)
  2 acid blobs (D)
  3 krakens (D)
  A tentacled starspawn (D)
  Rupert (D)
  Frances (D)
  A shadow dragon (D)
  7 azure jellies (D)
  Donald (D)
  A frost giant (D)
  2 orc warlords (D)
  A cacodemon (D)
  3 ghouls (D)
  A stone giant (D)
  A vampire knight (D)
  A deep elf annihilator (D)
  A dire elephant (D)
  3 merfolk javelineers (D)
  3 death oozes (D)
  A blizzard demon (D)
  3 merfolk impalers (D)
  Josephine (D)
  2 deep elf high priests (D)
  A hydra (D)
  An ice dragon (D)
  4 spriggan air magi (D)
  3 merfolk aquamancers (D)
  2 vampire magi (D)
  6 soul eaters (D)
  3 thrashing horrors (D)
  3 spriggan berserkers (D)
  A sun demon (D)
  A wretched star (D)
  A deep elf knight (D)
  3 ice devils (D)
  3 skeletal warriors (D)
  A shambling mangrove (D)
  A necromancer (D)
  2 deep elf summoners (D)
  2 deep elf conjurers (D)
  A phantasmal warrior (D)
  5 toenail golems (D)
  2 orc sorcerers (D)
  An oklob plant (D)
  A faun (D)
  3 eyes of devastation (D)
  2 black mambas (D)
  2 water nymphs (D)
  3 sirens (D)
  A cyclops (D)
  Joseph (D)
  3 spiny frogs (D)
  A sixfirhy (D)
  A gargoyle (D)
  2 naga magi (D)
  A komodo dragon (D)
  3 merfolk (D)
  3 blue devils (D)
  2 ancient zymes (D)
  5 freezing wraiths (D)
  Sonja (D)
  4 polar bears (D)
  A wind drake (D)
  2 raiju (D)
  3 ravens (D)
  7 slime creatures (D)
  A jumping spider (D)
  A blink frog (D)
  2 flying skulls (D)
  2 vampires (D)
  A basilisk (D)
  A wraith (D)
  3 spriggans (D)
  A ynoxinul (D)
  A tarantella (D)
  A water elemental (D)
  A redback (D)
  4 deep elf magi (D)
  5 shadows (D)
  6 starcursed masses (D)
  A yak (D)
  A hippogriff (D)
  2 neqoxecs (D)
  4 wolves (D)
  2 hungry ghosts (D)
  A warg (D)
  A deep elf fighter (D)
  A naga (D)
  Menkaure (D)
  3 water moccasins (D)
  3 porcupines (D)
  2 eyes of draining (D)
  3 ice beasts (D)
  3 necrophages (D)
  A phantom (D)
  3 large abominations (D)
  2 crocodiles (D)
  Sigmund (D)
  Blork the orc (D)
  3 earth elementals (D)
  2 giant frogs (D)
  6 small abominations (D)
  3 wights (D)
  Dowan (D)
  3 quasits (D)
  Crazy Yiuf (D)
  An iron imp (D)
  A hell rat (D)
  Jessica (D)
  4 adders (D)
  3 shadow imps (D)
  6 white imps (D)
  3 ufetubi (D)
  A giant eyeball (D)
  A spectral adder (D)
  4 adder zombies (D)
  2 adder skeletons (D)
  An adder simulacrum (D)
  4 orcs (D)
  A spectral bat (D)
  A bat (D)
  5 bat skeletons (D)
  4 bat zombies (D)
  A giant cockroach (D)
  A goblin (D)
  A hobgoblin (D)
  A quokka (D)
  3 ball pythons (D)
  A ball python skeleton (D)
  4 ball python zombies (D)
  A giant cockroach simulacrum (D)
  2 giant cockroach zombies (D)
  2 giant gecko skeletons (D)
  A giant newt (D)
  A jackal (D)
  A jackal skeleton (D)
  A quokka simulacrum (D)
  A quokka skeleton (D)
  A quokka zombie (D)
  A spectral giant cockroach (D)
  A spectral giant gecko (D)
  A spectral quokka (D)
  2 starspawn tentacles (D)
  8 tentacles (D)
  A tentacle segment (D)
314 creatures vanquished.

Vanquished Creatures (collateral kills)
  A kraken (D)
  A shadow dragon (D)
  4 merfolk impalers (D)
  A satyr (D)
  A thrashing horror (D)
  A sea snake (D)
  A harpy (D)
  A water nymph (D)
  An ancient zyme (D)
  Prince Ribbit (D)
  A water elemental (D)
  A ynoxinul (D)
  A quasit (D)
  2 starcursed masses (D)
  A spectral adder (D)
  An adder zombie (D)
  2 tentacles (D)
22 creatures vanquished.

Vanquished Creatures (others)
  A stone giant (D)
  Urug (D)
  A deep troll (D)
  3 hill giants (D)
  2 trolls (D)
  6 fire elementals (D)
  Eustachio (D)
  An ufetubus (D)
  94 starspawn tentacle segments (D)
  24 tentacles (D)
  1210 tentacle segments (D)
1344 creatures vanquished.

Grand Total: 1680 creatures vanquished

Notes
Turn   | Place    | Note
--------------------------------------------------------------
     0 | D        | MDvedh, the Minotaur Berserker, began the quest for the Orb.
     0 | D        | Reached XP level 1. HP: 19/19 MP: 1/1
     0 | D        | Found a basalt altar of Yredelemnul.
     0 | D        | Found an iron altar of Okawaru.
    13 | D        | Found a radiant altar of Vehumet.
    13 | D        | Found a shimmering altar of Xom.
    15 | D        | Found a burning altar of Makhleb.
    32 | D        | Found a corrupted altar of Lugonu.
    33 | D        | Found a viscous altar of Jiyva.
    33 | D        | Found a white marble altar of Elyvilon.
    36 | D        | Found a sparkling altar of Nemelex Xobeh.
    36 | D        | Found a deep blue altar of Sif Muna.
    40 | D        | Found a bloodstained altar of Trog.
    41 | D        | Reached skill level 9 in Axes
    41 | D        | Reached XP level 2. HP: 26/26 MP: 1/1
    64 | D        | Entered arena 1.
    64 | D        | Noticed a wolf
    64 | D        | Noticed a spriggan
    66 | D        | Killed a wolf
    66 | D        | Reached skill level 11 in Axes
    66 | D        | Reached XP level 3. HP: 38/39 MP: 2/2
    66 | D        | Reached XP level 4. HP: 45/47 MP: 2/2
    67 | D        | Killed a spriggan
    67 | D        | Reached skill level 12 in Axes
    67 | D        | Reached skill level 5 in Dodging
    67 | D        | Reached XP level 5. HP: 51/56 MP: 2/2
    67 | D        | Reached XP level 6. HP: 56/62 MP: 3/3
   171 | D        | Entered arena 2.
   171 | D        | Noticed a merfolk
   171 | D        | Noticed a merfolk
   171 | D        | Noticed a merfolk
   180 | D        | Killed a merfolk
   180 | D        | Acquired Trog's second power
   180 | D        | Reached XP level 7. HP: 65/70 MP: 3/3
   183 | D        | Killed a merfolk
   183 | D        | Reached skill level 10 in Fighting
   183 | D        | Reached skill level 13 in Axes
   185 | D        | Killed a merfolk
   362 | D        | Entered arena 3.
   362 | D        | Noticed a spriggan
   362 | D        | Noticed a wolf
   362 | D        | Noticed a wolf
   362 | D        | Noticed a spriggan
   365 | D        | Killed a wolf
   365 | D        | Reached XP level 8. HP: 82/82 MP: 3/3
   365 | D        | Killed a wolf
   365 | D        | Killed a spriggan
   365 | D        | Reached skill level 10 in Armour
   366 | D        | Killed a spriggan
   366 | D        | Reached skill level 14 in Axes
   446 | D        | Entered arena 4.
   446 | D        | Noticed a deep elf knight
   446 | D        | Noticed a deep elf mage
   446 | D        | Noticed a deep elf fighter
   446 | D        | Noticed a deep elf mage
   451 | D        | Killed a deep elf mage
   451 | D        | Acquired Trog's third power
   453 | D        | Killed a deep elf mage
   455 | D        | Killed a deep elf knight
   455 | D        | Reached skill level 10 in Dodging
   455 | D        | Reached XP level 9. HP: 92/92 MP: 4/4
   456 | D        | Killed a deep elf fighter
   456 | D        | Reached skill level 15 in Axes
   472 | D        | Entered arena 5.
   472 | D        | Noticed Sigmund
   472 | D        | Noticed Jessica
   472 | D        | Noticed Blork the orc
   472 | D        | Noticed Crazy Yiuf
   472 | D        | Noticed Dowan
   474 | D        | Killed Crazy Yiuf
   475 | D        | Killed Dowan
   477 | D        | Killed Jessica
   478 | D        | Killed Blork the orc
   482 | D        | Killed Sigmund
   482 | D        | Received a gift from Trog
   649 | D        | Entered arena 6.
   649 | D        | Noticed a water moccasin
   649 | D        | Noticed a naga mage
   649 | D        | Noticed a black mamba
   649 | D        | Noticed a water moccasin
   655 | D        | Killed a black mamba
   655 | D        | Killed a water moccasin
   657 | D        | Killed a water moccasin
   665 | D        | Killed a naga mage
   744 | D        | Received a gift from Trog
   756 | D        | Entered arena 7.
   756 | D        | Noticed a naga mage
   756 | D        | Noticed a naga
   756 | D        | Noticed a black mamba
   760 | D        | Killed a black mamba
   764 | D        | Killed a naga mage
   764 | D        | Reached XP level 10. HP: 97/103 MP: 4/4
   767 | D        | Killed a naga
   767 | D        | Reached skill level 16 in Axes
   775 | D        | Received a gift from Trog
   782 | D        | Got the ring "Qusoajal" {Ice +Fly rPois+}
   803 | D        | Entered arena 8.
   803 | D        | Noticed a wight
   803 | D        | Noticed a necrophage
   803 | D        | Noticed a phantom
   807 | D        | Killed a necrophage
   809 | D        | Killed a wight
   813 | D        | Killed a phantom
   822 | D        | Entered arena 9.
   822 | D        | Noticed a porcupine
   822 | D        | Noticed a spiny frog
   822 | D        | Noticed a giant frog
   822 | D        | Noticed a spiny frog
   822 | D        | Noticed a spiny frog
   822 | D        | Noticed a porcupine
   823 | D        | Noticed a wolf
   827 | D        | Killed a porcupine
   828 | D        | Killed a spiny frog
   829 | D        | Killed a wolf
   829 | D        | Killed a porcupine
   831 | D        | Killed a spiny frog
   832 | D        | Killed a giant frog
   834 | D        | Killed a spiny frog
   834 | D        | Received a gift from Trog
  1048 | D        | Entered arena 10.
  1048 | D        | Noticed a toenail golem
  1048 | D        | Noticed a toenail golem
  1048 | D        | Noticed a toenail golem
  1048 | D        | Noticed a toenail golem
  1048 | D        | Noticed a gargoyle
  1048 | D        | Noticed a toenail golem
  1048 | D        | Noticed an earth elemental
  1048 | D        | Noticed an earth elemental
  1048 | D        | Noticed an earth elemental
  1053 | D        | Killed a toenail golem
  1054 | D        | Killed a toenail golem
  1054 | D        | Reached skill level 15 in Fighting
  1055 | D        | Killed an earth elemental
  1059 | D        | Killed a toenail golem
  1059 | D        | Reached skill level 17 in Axes
  1060 | D        | Killed a toenail golem
  1060 | D        | Killed a toenail golem
  1061 | D        | Killed a gargoyle
  1061 | D        | Reached XP level 11. HP: 113/113 MP: 4/4
  1064 | D        | Killed an earth elemental
  1064 | D        | Reached skill level 15 in Dodging
  1065 | D        | Killed an earth elemental
  1112 | D        | Received a gift from Trog
  1137 | D        | Entered arena 11.
  1137 | D        | Noticed a deep elf summoner
  1137 | D        | Noticed a deep elf annihilator
  1137 | D        | Noticed a deep elf mage
  1137 | D        | Noticed a deep elf high priest
  1137 | D        | Noticed a deep elf conjurer
  1137 | D        | Noticed a deep elf high priest
  1137 | D        | Noticed a deep elf mage
  1138 | D        | Noticed a deep elf conjurer
  1139 | D        | Noticed a deep elf summoner
  1144 | D        | Killed a deep elf mage
  1144 | D        | Killed a deep elf conjurer
  1144 | D        | Received a gift from Trog
  1145 | D        | Killed a deep elf high priest
  1145 | D        | Reached skill level 15 in Armour
  1149 | D        | Killed a deep elf conjurer
  1149 | D        | Killed a deep elf high priest
  1149 | D        | Reached skill level 18 in Axes
  1149 | D        | Killed a deep elf mage
  1150 | D        | Killed a deep elf annihilator
  1150 | D        | Received a gift from Trog
  1150 | D        | Killed a deep elf summoner
  1151 | D        | Killed a deep elf summoner
  1207 | D        | Received a gift from Trog
  1207 | D        | Received a gift from Trog
  1313 | D        | Entered arena 12.
  1313 | D        | Noticed an orc sorcerer
  1313 | D        | Noticed an orc warlord
  1313 | D        | Noticed an orc sorcerer
  1313 | D        | Noticed an orc warlord
  1314 | D        | Noticed a stone giant
  1314 | D        | Noticed a warg
  1319 | D        | Received a gift from Trog
  1320 | D        | Killed a warg
  1321 | D        | Noticed an ice devil
  1325 | D        | Killed a stone giant
  1325 | D        | Killed an orc sorcerer
  1327 | D        | Killed an orc warlord
  1327 | D        | Reached skill level 19 in Axes
  1327 | D        | Killed an orc sorcerer
  1327 | D        | Received a gift from Trog
  1327 | D        | Reached XP level 12. HP: 126/126 MP: 5/5
  1329 | D        | Killed an orc warlord
  1380 | D        | Received a gift from Trog
  1384 | D        | Got the ring of Hoovojot {rElec EV+6}
  1392 | D        | Entered arena 13.
  1392 | D        | Noticed a ghoul
  1392 | D        | Noticed a soul eater
  1393 | D        | Noticed a soul eater
  1395 | D        | Noticed a soul eater
  1404 | D        | Killed a soul eater
  1408 | D        | Killed a ghoul
  1411 | D        | Killed a soul eater
  1418 | D        | Killed a soul eater
  1531 | D        | Got the amulet "Clidu" {rCorr +Blink rF- rN+ Str+4 Int+4}
  1644 | D        | Entered arena 14.
  1644 | D        | Noticed a spriggan berserker
  1644 | D        | Noticed a spriggan air mage
  1644 | D        | Noticed a spriggan air mage
  1645 | D        | Noticed a shambling mangrove
  1645 | D        | Noticed a spriggan air mage
  1645 | D        | Noticed a dire elephant
  1645 | D        | Noticed a wind drake
  1645 | D        | Noticed a faun
  1645 | D        | Noticed a spriggan berserker
  1645 | D        | Noticed a spriggan air mage
  1646 | D        | Noticed a spriggan berserker
  1646 | D        | Noticed an oklob plant
  1652 | D        | Killed a spriggan berserker
  1654 | D        | Killed a wind drake
  1654 | D        | Received a gift from Trog
  1654 | D        | Killed a spriggan berserker
  1654 | D        | Killed a spriggan berserker
  1654 | D        | Reached skill level 20 in Axes
  1656 | D        | Killed a dire elephant
  1657 | D        | Killed a spriggan air mage
  1658 | D        | Killed a spriggan air mage
  1658 | D        | Received a gift from Trog
  1659 | D        | Killed a spriggan air mage
  1660 | D        | Killed a shambling mangrove
  1661 | D        | Killed a spriggan air mage
  1666 | D        | Killed a faun
  1666 | D        | Received a gift from Trog
  1708 | D        | Killed an oklob plant
  1708 | D        | Reached XP level 13. HP: 102/138 MP: 5/5
  1825 | D        | Entered arena 15.
  1825 | D        | Noticed a giant frog
  1825 | D        | Noticed a crocodile
  1826 | D        | Noticed a basilisk
  1826 | D        | Noticed a hippogriff
  1826 | D        | Noticed a crocodile
  1826 | D        | Noticed an eight-headed hydra
  1826 | D        | Noticed a water moccasin
  1826 | D        | Noticed a komodo dragon
  1826 | D        | Noticed a porcupine
  1827 | D        | Noticed a yak
  1828 | D        | Noticed a blink frog
  1830 | D        | Killed a giant frog
  1832 | D        | Killed a hippogriff
  1832 | D        | Killed a crocodile
  1832 | D        | Received a gift from Trog
  1833 | D        | Killed a crocodile
  1833 | D        | Killed a porcupine
  1833 | D        | Received a gift from Trog
  1833 | D        | Reached skill level 1 in Evocations
  1833 | D        | Killed a komodo dragon
  1834 | D        | Killed a water moccasin
  1838 | D        | Killed a blink frog
  1839 | D        | Killed a basilisk
  1839 | D        | Killed a yak
  1842 | D        | Killed a 11-headed hydra
  1842 | D        | Received a gift from Trog
  1888 | D        | Got a warped battleaxe {god gift}
  1890 | D        | Identified the +6 battleaxe of the Other Side {chop, +Rage rF- rN+ Int+2} (Trog gifted it to you in the Dungeon)
  1902 | D        | Got the ring "Igusmick" {Fire rPois- rN+ Dex+3 SInv}
  1910 | D        | Entered arena 16.
  2000 | D        | Noticed an ice devil
  2000 | D        | Noticed a polar bear
  2000 | D        | Noticed a blizzard demon
  2000 | D        | Noticed a polar bear
  2000 | D        | Noticed a polar bear
  2001 | D        | Noticed an ice beast
  2001 | D        | Noticed a polar bear
  2001 | D        | Noticed a frost giant
  2002 | D        | Noticed an ice dragon
  2005 | D        | Killed a polar bear
  2006 | D        | Killed a polar bear
  2007 | D        | Killed a polar bear
  2008 | D        | Killed an ice beast
  2009 | D        | Killed an ice devil
  2009 | D        | Reached skill level 21 in Axes
  2010 | D        | Received a gift from Trog
  2014 | D        | Killed a frost giant
  2014 | D        | Received a gift from Trog
  2014 | D        | Killed a blizzard demon
  2015 | D        | Killed a polar bear
  2017 | D        | Killed an ice dragon
  2017 | D        | Reached skill level 5 in Evocations
  2059 | D        | Received a gift from Trog
  2068 | D        | Entered arena 17.
  2068 | D        | Noticed a vampire
  2068 | D        | Noticed a vampire mage
  2071 | D        | Noticed a vampire mage
  2071 | D        | Noticed a vampire
  2072 | D        | Killed a vampire
  2076 | D        | Killed a vampire
  2077 | D        | Noticed a vampire knight
  2077 | D        | Noticed a necromancer
  2077 | D        | Noticed a shadow
  2078 | D        | Noticed a necrophage
  2078 | D        | Noticed a shadow
  2078 | D        | Noticed a skeletal warrior
  2078 | D        | Killed a necrophage
  2079 | D        | Noticed an ancient lich
  2084 | D        | Killed a vampire mage
  2091 | D        | Killed a shadow
  2092 | D        | Killed a vampire mage
  2092 | D        | Killed a skeletal warrior
  2093 | D        | Noticed a cacodemon
  2093 | D        | Killed a necromancer
  2093 | D        | Received a gift from Trog
  2093 | D        | Killed a shadow
  2094 | D        | Killed a shadow
  2099 | D        | Killed a vampire knight
  2099 | D        | Gained mutation: Your system is resistant to poisons. [a cacodemon]
  2101 | D        | Killed a cacodemon
  2102 | D        | Noticed a Brimstone Fiend
  2106 | D        | Killed an ancient lich
  2106 | D        | Reached skill level 22 in Axes
  2113 | D        | Noticed a shadow
  2114 | D        | Killed a shadow
  2142 | D        | Noticed a necrophage
  2143 | D        | Noticed a skeletal warrior
  2146 | D        | Killed a necrophage
  2150 | D        | Killed a skeletal warrior
  2281 | D        | Entered arena 18.
  2285 | D        | Noticed a freezing wraith
  2292 | D        | Killed a freezing wraith
  2293 | D        | Noticed a soul eater
  2293 | D        | Noticed a shadow
  2293 | D        | Noticed a wight
  2293 | D        | Noticed a flying skull
  2293 | D        | Noticed a skeletal warrior
  2293 | D        | Noticed an ice devil
  2293 | D        | Noticed a freezing wraith
  2294 | D        | Noticed an ice devil
  2294 | D        | Noticed a freezing wraith
  2294 | D        | Noticed a hungry ghost
  2294 | D        | Noticed an ice beast
  2294 | D        | Noticed a wraith
  2295 | D        | Noticed a flying skull
  2296 | D        | Noticed a wight
  2297 | D        | Killed a flying skull
  2299 | D        | Received a gift from Trog
  2299 | D        | Killed a shadow
  2299 | D        | Killed a wight
  2300 | D        | Killed a freezing wraith
  2301 | D        | Killed a soul eater
  2302 | D        | Noticed an ice beast
  2302 | D        | Killed a freezing wraith
  2302 | D        | Reached XP level 14. HP: 151/151 MP: 7/22
  2302 | D        | Killed an ice beast
  2303 | D        | Killed a skeletal warrior
  2303 | D        | Killed an ice devil
  2304 | D        | Killed a flying skull
  2305 | D        | Killed a wight
  2305 | D        | Killed a hungry ghost
  2306 | D        | Killed an ice devil
  2306 | D        | Killed a wraith
  2309 | D        | Killed an ice beast
  2372 | D        | Entered arena 19.
  2378 | D        | Noticed a shadow dragon
  2379 | D        | Noticed a shadow dragon
  2380 | D        | Noticed a soul eater
  2380 | D        | Noticed a soul eater
  2380 | D        | Noticed a ghoul
  2382 | D        | Noticed a ghoul
  2391 | D        | Killed a soul eater
  2392 | D        | Killed a shadow dragon
  2392 | D        | Killed a ghoul
  2395 | D        | Killed a soul eater
  2396 | D        | Killed a shadow dragon
  2396 | D        | Reached skill level 10 in Evocations
  2399 | D        | Killed a ghoul
  2406 | D        | Received a gift from Trog
  2406 | D        | Received a gift from Trog
  2527 | D        | Entered arena 20.
  2531 | D        | Noticed a slime creature
  2532 | D        | Noticed a death ooze
  2532 | D        | Noticed a slime creature
  2532 | D        | Noticed a slime creature
  2532 | D        | Noticed an azure jelly
  2534 | D        | Noticed an azure jelly
  2534 | D        | Noticed a slime creature
  2534 | D        | Noticed an azure jelly
  2534 | D        | Noticed a death ooze
  2534 | D        | Noticed an eye of draining
  2534 | D        | Noticed an azure jelly
  2534 | D        | Noticed an acid blob
  2534 | D        | Noticed a slime creature
  2537 | D        | Killed a slime creature
  2539 | D        | Killed an azure jelly
  2541 | D        | Killed a large slime creature
  2543 | D        | Killed a death ooze
  2544 | D        | Killed an azure jelly
  2544 | D        | Received a gift from Trog
  2544 | D        | Reached skill level 23 in Axes
  2545 | D        | Killed a slime creature
  2546 | D        | Killed an azure jelly
  2547 | D        | Killed an azure jelly
  2548 | D        | Killed a death ooze
  2549 | D        | Killed a slime creature
  2550 | D        | Killed an acid blob
  2551 | D        | Noticed an eye of devastation
  2551 | D        | Noticed an azure jelly
  2551 | D        | Noticed an azure jelly
  2551 | D        | Noticed an eye of devastation
  2551 | D        | Noticed a slime creature
  2551 | D        | Noticed a death ooze
  2552 | D        | Killed an eye of draining
  2553 | D        | Noticed an azure jelly
  2553 | D        | Noticed a slime creature
  2554 | D        | Noticed an acid blob
  2554 | D        | Noticed an eye of devastation
  2555 | D        | Noticed a slime creature
  2558 | D        | Killed a death ooze
  2558 | D        | Killed an azure jelly
  2558 | D        | Received a gift from Trog
  2558 | D        | Killed a slime creature
  2561 | D        | Killed an azure jelly
  2561 | D        | Killed an eye of devastation
  2563 | D        | Killed a slime creature
  2564 | D        | Killed an acid blob
  2564 | D        | Killed an eye of devastation
  2565 | D        | Killed an azure jelly
  2565 | D        | Received a gift from Trog
  2566 | D        | Killed a slime creature
  2569 | D        | Killed an eye of devastation
  2597 | D        | Got the amulet "Phuwowk" {Spirit -Tele rC- MR+ Dex-5 Slay+6}
  2625 | D        | Got the ring of Stetey {rC+ Int+4}
  2644 | D        | Entered arena 21.
  2650 | D        | Noticed a water nymph
  2650 | D        | Noticed a merfolk javelineer
  2650 | D        | Noticed a sea snake
  2651 | D        | Noticed a satyr
  2651 | D        | Noticed a siren
  2651 | D        | Noticed a merfolk impaler
  2651 | D        | Noticed a kraken
  2651 | D        | Noticed a merfolk impaler
  2651 | D        | Noticed a kraken
  2651 | D        | Noticed a merfolk javelineer
  2651 | D        | Noticed a merfolk impaler
  2652 | D        | Noticed a water elemental
  2652 | D        | Noticed a merfolk aquamancer
  2652 | D        | Noticed a merfolk impaler
  2653 | D        | Noticed a merfolk impaler
  2653 | D        | Noticed a water elemental
  2654 | D        | Noticed a merfolk impaler
  2654 | D        | Noticed a merfolk aquamancer
  2654 | D        | Noticed a harpy
  2655 | D        | Noticed a cyclops
  2655 | D        | Noticed a merfolk javelineer
  2655 | D        | Noticed a siren
  2655 | D        | Noticed a water nymph
  2655 | D        | Killed a sea snake
  2656 | D        | Killed a water nymph
  2656 | D        | Killed a harpy
  2657 | D        | Noticed a water nymph
  2658 | D        | Noticed a siren
  2659 | D        | Killed a merfolk impaler
  2659 | D        | Received a gift from Trog
  2659 | D        | Reached skill level 24 in Axes
  2660 | D        | Killed a merfolk aquamancer
  2660 | D        | Reached XP level 15. HP: 163/163 MP: 27/27
  2660 | D        | Killed a water elemental
  2662 | D        | Killed a merfolk javelineer
  2662 | D        | Killed a merfolk aquamancer
  2663 | D        | Killed a merfolk impaler
  2663 | D        | Received a gift from Trog
  2663 | D        | Killed a merfolk impaler
  2666 | D        | Noticed a kraken
  2666 | D        | Killed a water elemental
  2668 | D        | Killed a merfolk impaler
  2669 | D        | Killed a merfolk javelineer
  2670 | D        | Killed a water nymph
  2671 | D        | Killed a siren
  2671 | D        | Received a gift from Trog
  2673 | D        | Killed a cyclops
  2677 | D        | Killed a kraken
  2679 | D        | Noticed a merfolk impaler
  2685 | D        | Noticed a merfolk aquamancer
  2689 | D        | Killed a merfolk aquamancer
  2692 | D        | Noticed a kraken
  2698 | D        | Killed a kraken
  2701 | D        | Killed a water nymph
  2706 | D        | Killed a siren
  2707 | D        | Killed a siren
  2708 | D        | Killed a merfolk impaler
  2708 | D        | Received a gift from Trog
  2708 | D        | Killed a satyr
  2711 | D        | Killed a merfolk javelineer
  2713 | D        | Killed a merfolk impaler
  2716 | D        | Killed a merfolk impaler
  2724 | D        | Killed a kraken
  2725 | D        | Killed a kraken
  2730 | D        | Identified the Catalogue of Ashen Transmigration
  2946 | D        | Entered arena 22.
  2979 | D        | Noticed a raiju
  2980 | D        | Noticed a small abomination
  2980 | D        | Noticed a sun demon
  2981 | D        | Noticed a quasit
  2981 | D        | Noticed a small abomination
  2981 | D        | Noticed a neqoxec
  2981 | D        | Killed a small abomination
  2982 | D        | Noticed a sixfirhy
  2982 | D        | Noticed a small abomination
  2982 | D        | Noticed a thrashing horror
  2982 | D        | Noticed a thrashing horror
  2982 | D        | Noticed a quasit
  2982 | D        | Noticed a ynoxinul
  2982 | D        | Noticed an ancient zyme
  2982 | D        | Noticed a raiju
  2982 | D        | Noticed a tentacled starspawn
  2982 | D        | Noticed a wretched star
  2982 | D        | Noticed a hungry ghost
  2982 | D        | Noticed a large abomination
  2982 | D        | Killed a quasit
  2982 | D        | Received a gift from Trog
  2983 | D        | Noticed an ancient zyme
  2983 | D        | Noticed a neqoxec
  2983 | D        | Noticed a bone dragon
  2983 | D        | Killed a sixfirhy
  2984 | D        | Killed a small abomination
  2985 | D        | Noticed a small abomination
  2985 | D        | Killed a raiju
  2986 | D        | Noticed an ancient zyme
  2987 | D        | Noticed a starcursed mass
  2987 | D        | Noticed a large abomination
  2987 | D        | Killed a sun demon
  2987 | D        | Killed a small abomination
  2987 | D        | Received a gift from Trog
  2988 | D        | Noticed a large abomination
  2988 | D        | Noticed a starcursed mass
  2988 | D        | Killed a thrashing horror
  2988 | D        | Reached skill level 25 in Axes
  2988 | D        | Killed a quasit
  2989 | D        | Killed a thrashing horror
  2990 | D        | Killed a neqoxec
  2990 | D        | Killed a tentacled starspawn
  2992 | D        | Killed an ancient zyme
  2993 | D        | Killed a large abomination
  2993 | D        | Killed an ancient zyme
  2994 | D        | Killed an ancient zyme
  2995 | D        | Killed a hungry ghost
  2996 | D        | Killed a small abomination
  2997 | D        | Noticed an eye of draining
  2997 | D        | Killed a ynoxinul
  2998 | D        | Received a gift from Trog
  2999 | D        | Killed a bone dragon
  2999 | D        | Killed a large abomination
  3001 | D        | Killed a large abomination
  3001 | D        | Killed a raiju
  3001 | D        | Reached skill level 15 in Evocations
  3002 | D        | Noticed a thrashing horror
  3003 | D        | Noticed a small abomination
  3003 | D        | Killed a neqoxec
  3003 | D        | Killed a starcursed mass
  3005 | D        | Noticed a thrashing horror
  3005 | D        | Killed a wretched star
  3007 | D        | Killed a thrashing horror
  3008 | D        | Killed a thrashing horror
  3010 | D        | Killed a starcursed mass
  3011 | D        | Killed a starcursed mass
  3011 | D        | Killed a small abomination
  3012 | D        | Killed an eye of draining
  3014 | D        | Killed a starcursed mass
  3014 | D        | Killed a starcursed mass
  3015 | D        | Killed a starcursed mass
  3015 | D        | Killed a starcursed mass
  3017 | D        | Killed a starcursed mass
  3102 | D        | Lost intelligence.
  3523 | D        | Got the ring "Mienasm" {rElec rPois+ MR+++ MP-9}
  3534 | D        | Identified the Papyrus of Sinister Arts and the Snowflakes
  3538 | D        | Entered arena 23.
  3538 | D        | Noticed Jory
  3550 | D        | Killed Jory
  3554 | D        | Noticed Nessos
  3554 | D        | Noticed Frances
  3555 | D        | Noticed Nikola
  3555 | D        | Noticed Prince Ribbit
  3555 | D        | Noticed Rupert
  3555 | D        | Noticed Donald
  3555 | D        | Noticed Eustachio
  3555 | D        | Noticed Louise
  3556 | D        | Noticed the 27-headed Lernaean hydra
  3556 | D        | Noticed Gloorx Vloq
  3558 | D        | Noticed the iron giant
  3559 | D        | Noticed Antaeus
  3559 | D        | Noticed Sonja
  3559 | D        | Noticed Menkaure
  3560 | D        | Noticed Mara
  3560 | D        | Killed Prince Ribbit
  3561 | D        | Noticed Josephine
  3562 | D        | Noticed Margery
  3562 | D        | Killed Eustachio
  3563 | D        | Noticed Khufu
  3565 | D        | Noticed Urug
  3565 | D        | Noticed Joseph
  3565 | D        | Killed the 27-headed Lernaean hydra
  3565 | D        | Received a gift from Trog
  3565 | D        | Killed Rupert
  3565 | D        | Killed Sonja
  3566 | D        | Killed Donald
  3568 | D        | Noticed Boris
  3569 | D        | Killed the iron giant
  3570 | D        | Noticed Kirke
  3571 | D        | Killed Frances
  3572 | D        | Killed Margery
  3573 | D        | Noticed Gastronok
  3573 | D        | Killed Josephine
  3573 | D        | Received a gift from Trog
  3574 | D        | Noticed Harold
  3574 | D        | Killed Menkaure
  3575 | D        | HP: 12/253 [Antaeus (16)]
  3576 | D        | Killed Mara
  3576 | D        | Received a gift from Trog
  3576 | D        | Reached skill level 26 in Axes
  3576 | D        | Reached XP level 16. HP: 12/178 MP: 20/31
  3577 | D        | Noticed Grinder
  3577 | D        | Killed Nikola
  3577 | D        | Killed Urug
  3579 | D        | Noticed Edmund
  3579 | D        | Noticed Ilsuiw
  3580 | D        | Killed Gloorx Vloq
  3580 | D        | Killed Joseph
  3581 | D        | HP: 2/270 [Harold/bolt of fire (14)]
  3581 | D        | Killed from afar by Antaeus

Action                   |  1- 3 |  4- 6 |  7- 9 | 10-12 | 13-15 | 16-18 || total
-------------------------+-------+-------+-------+-------+-------+-------++-------
Melee: Battleaxe         |     1 |     5 |    36 |    34 |       |       ||    76
       Executioner's axe |       |       |       |    64 |   224 |     5 ||   293
Invok: Berserk           |     1 |     1 |     2 |     4 |     7 |       ||    15
       Trog's Hand       |       |       |     1 |     3 |     8 |       ||    12
       Burn Spellbooks   |       |       |     1 |     5 |     5 |       ||    11
       Brothers in Arms  |       |       |       |       |     9 |       ||     9
Evoke: Lamp of fire      |       |       |       |       |     4 |       ||     4
  Use: Potion            |     1 |       |       |     3 |     7 |       ||    11
       Scroll            |       |       |     1 |       |     8 |       ||     9
 Stab: Distracted        |       |       |       |       |     1 |       ||     1
  Eat: Chunk             |       |       |     2 |     3 |     5 |       ||    10
       Bread ration      |       |       |     1 |       |     3 |       ||     4
       Fruit             |       |       |       |     3 |       |       ||     3
